 Dungeon Crawl Stone Soup version 0.24-a0-530-g18ba70b503 (webtiles) character file.

Game seed: 3289746874973066211

245 Peloso the Slasher (level 5, -2/47 HPs)
             Began as a Minotaur Fighter on Aug 8, 2019.
             Killed from afar by an orc wizard (7 damage)
             ... with a magic dart
             ... on level 4 of the Dungeon.
             The game lasted 00:04:34 (2127 turns).

Peloso the Slasher (Minotaur Fighter)               Turns: 2127, Time: 00:04:35

Health: -2/47      AC: 12    Str: 20    XL:     5   Next: 84%
Magic:  4/4        EV:  4    Int:  5    God:
Gold:   206        SH:  9    Dex: 11    Spells: 4/4 levels left

rFire    x . .     SeeInvis .   a - +0 long sword
rCold    + . .     Gourm    .   c - +0 shield
rNeg     . . .     Faith    .   b - +0 plate armour
rPois    .         Spirit   .   (helmet restricted)
rElec    .         Reflect  .   (no cloak)
rCorr    .         Harm     .   (no gloves)
MR       .....                  (no boots)
Stlth    ..........             (no amulet)
HPRegen  0.15/turn              i - ring of ice
MPRegen  0.09/turn              (no ring)

@: lethally poisoned (-2 -> -5)
A: retaliatory headbutt, horns 2
a: no special abilities


You were on level 4 of the Dungeon.
You were very hungry.

You visited 1 branch of the dungeon, and saw 4 of its levels.

You collected 206 gold pieces.

Inventory:

Hand Weapons
 a - a +0 long sword (weapon)
Armour
 b - a +0 plate armour (worn)
 c - a +0 shield (worn)
Jewellery
 d - an uncursed ring of fire {unknown}
 i - a ring of ice (left hand)
 q - a +4 ring of protection
Scrolls
 e - 6 scrolls of identify {unknown}
 g - 6 scrolls of remove curse {unknown}
 j - a scroll of enchant weapon {unknown}
 k - a scroll of magic mapping {unknown}
 l - 2 scrolls of fear {unknown}
 r - a scroll of teleportation {unknown}
 s - a scroll of amnesia {unknown}
 t - 2 scrolls of random uselessness {unknown}
 v - a scroll of fog {unknown}
Potions
 h - 3 potions of mutation {unknown}
 m - 2 potions of brilliance {unknown}
 n - 4 potions of agility {unknown}
 o - a potion of haste {unknown}
 p - a potion of degeneration {unknown}
 u - 3 potions of flight {unknown}
Comestibles
 f - 8 rations


   Skills:
 + Level 4.5 Fighting
 + Level 5.0 Long Blades
 + Level 4.7 Armour
 + Level 0.7 Dodging
 + Level 0.3 Stealth
 + Level 4.8 Shields


You had 4 spell levels left.
You didn't know any spells.
Your spell library contained the following spells:

 Spells                   Type           Power        Failure   Level  Hunger
 Beastly Appendage        Tmut           #.....       100%        1    ##.....
 Sticks to Snakes         Tmut           #.......     100%        2    ###....
 Spider Form              Tmut/Pois      #.........   100%        3    ####...
 Ice Form                 Ice/Tmut       #.......     100%        4    #####..
 Blade Hands              Tmut           #.........   100%        5    ######.


Dungeon Overview and Level Annotations

Branches:
Dungeon (4/15)
 Temple: D:4-7

Altars:
Okawaru


Innate Abilities, Weirdness & Mutations

You reflexively headbutt those who attack you in melee.
You have a pair of horns on your head.


Message History

You hit the orc.
The orc is almost dead.
The orc hits you but does no damage.
Your shield and plate armour prevent you from hitting the orc.
Your headbutt misses the orc.
The orc is almost dead.
You feel sick. You block the orc's attack.
The orc wizard mumbles some strange words.
The orc wizard blinks!
You block the orc's attack.
You hit the orc.
You kill the orc!
The orc throws a boomerang.
You block the boomerang.
The weapon returns to the orc!
You feel sick. You block the orc's attack.
Items here: )) [[ a +0 hand axe; a +0 leather armour; a +0 mace of venom; a +0 ring mail You closely miss the orc.
The orc hits you but does no damage. The orc wizard casts a spell at you.
The magic dart hits you!
You die...

### #.# #.# #.######
#... ..#
###########.####.###
#####
.........)@.........
...#
.##########o.o...#
#####.#
#.....#.#.####......
#.###.._.....#.#.#.#
#.....#.#........#.#
....##......#.#.#.#.#
............#.....#.#
. ..####....#.......#
. ..........###.#


You could see an orc wizard and an orc.

Vanquished Creatures
  An ogre (D:4)
  Terence (D:3)
  3 adders
  An adder skeleton (D:4)
  4 worms
  4 dart slugs
  2 leopard geckos
  4 orcs
  3 ball pythons
  8 bats
  4 giant cockroaches
  11 goblins
  8 hobgoblins
  4 jackals (D:1)
  A quokka (D:2)
  6 frilled lizards
  7 kobolds
  A quokka skeleton (D:4)
  5 rats
78 creatures vanquished.

Notes
Turn   | Place    | Note
-------+----------+-------------------------------------------
     0 | D:1      | Peloso the Minotaur Fighter began the quest for the Orb.
     0 | D:1      | Reached XP level 1. HP: 19/19 MP: 0/0
    19 | D:1      | Reached XP level 2. HP: 24/27 MP: 1/1
   391 | D:1      | Reached XP level 3. HP: 33/33 MP: 2/2
   766 | D:2      | Found a faded altar of an unknown god.
   920 | D:2      | Reached skill level 3 in Long Blades
  1025 | D:2      | Reached XP level 4. HP: 40/40 MP: 3/3
  1655 | D:3      | Noticed Terence
  1668 | D:3      | Killed Terence
  1668 | D:3      | Reached skill level 4 in Long Blades
  1728 | D:3      | Reached XP level 5. HP: 45/47 MP: 4/4
  1962 | D:4      | Noticed an ogre
  1966 | D:4      | Killed an ogre
  1966 | D:4      | Reached skill level 5 in Long Blades
  2034 | D:4      | Found an iron altar of Okawaru.
  2127 | D:4      | Killed from afar by an orc wizard

Levels and vault maps discovered:
D:1:      minmay_arrival_solitary_statue, layout_loops_ring
D:2:      layout_loops_corners, chequers_ecumenical_altar_simple
D:3:      layout_rooms, first_ration, uniq_terence
D:4:      layout_basic, lemuel_crystal_altar, serial_shops, shop,
          okawaru_metal_pillars_1_2, uniq_crazy_yiuf_cottage, uniq_duvessa

Skill      XL: |  1  2  3  4  5 |
---------------+----------------+-----
Fighting       | 4 |  4.5
Armour         | 4 |  4.7
Shields        | 4 |  4.8
Long Blades    | 3 4 5 |  5.0
Dodging        | |  0.7
Stealth        | |  0.3

Action                   |  1- 3 |  4- 6 || total
-------------------------+-------+-------++-------
Melee: Long sword        |    78 |   113 ||   191
       Headbutt          |    13 |    14 ||    27
  Use: Potion            |       |     1 ||     1
  Eat: Chunk             |       |     3 ||     3
Armor: Scale mail        |    26 |    11 ||    37
       Plate armour      |       |    60 ||    60
Dodge: Dodged            |    27 |    18 ||    45
Block: Shield            |    49 |    69 ||   118
       Rpst.: Long sword |     6 |     5 ||    11

Table legend:
 A = Non-vault XP
 B = Vault XP
 C = Vault XP percentage of total XP
 D = Non-vault monster count
 E = Vault monster count
 F = Vault count percentage of total count
                 A         B        C        D         E       F
            +---------+---------+-------+---------+---------+-------
      Total |     315 |      36 |  10.3 |      77 |       1 |   1.3
            +---------+---------+-------+---------+---------+-------
        D:1 |      50 |       0 |   0.0 |      26 |       0 |   0.0
        D:2 |      63 |       0 |   0.0 |      24 |       0 |   0.0
        D:3 |      65 |      36 |  35.6 |      21 |       1 |   4.5
        D:4 |     137 |       0 |   0.0 |       6 |       0 |   0.0
            +---------+---------+-------+---------+---------+-------
